 Dungeon Crawl Stone Soup version 0.23.2-1-ga50397a6bc (webtiles) character file.

Game seed: 1952966581997192475

44 Mithandil the Ogre Mage (level 3, 0/33 HPs)
             Began as an Ogre Wizard on May 29, 2019.
             Slain by an adder (2 damage)
             ... on level 3 of the Dungeon.
             The game lasted 00:20:02 (1307 turns).

Mithandil the Ogre Mage (Ogre Wizard)               Turns: 1307, Time: 00:20:02

Health: 0/33       AC:  3    Str: 11    XL:     3   Next: 60%
Magic:  6/8        EV: 10    Int: 20    God:
Gold:   29         SH:  0    Dex:  7    Spells: 1/10 levels left

rFire    . . .     SeeInvis .   a - +0 club
rCold    . . .     Gourm    .   (no shield)
rNeg     . . .     Faith    .   c - +0 robe
rPois    .         Spirit   .   h - +0 hat
rElec    .         Reflect  .   (no cloak)
rCorr    .         Harm     .   (gloves unavailable)
MR       .....                  (boots unavailable)
Stlth    +.........             (no amulet)
HPRegen  0.11/turn              (no ring)
MPRegen  0.11/turn              (no ring)

@: lethally poisoned (0 -> -9)
A: large, unfitting armour, tough skin 1
a: no special abilities


You were on level 3 of the Dungeon.
You were not hungry.

You visited 1 branch of the dungeon, and saw 3 of its levels.

You collected 29 gold pieces.

Inventory:

Hand Weapons
 a - a +0 club (weapon)
 b - a +0 hunting sling
Missiles
 e - 10 stones (quivered)
Armour
 c - a +0 robe (worn)
 h - a +0 hat (worn)
Scrolls
 i - a scroll of amnesia
Potions
 f - a potion of curing {unknown}
Comestibles
 d - 2 rations
 g - 2 chunks of flesh


   Skills:
 + Level 1.5 Fighting
 - Level 0.6 Throwing
 + Level 2.1 Dodging
 - Level 1.4 Stealth
 * Level 4.1 Spellcasting
 + Level 1.4 Conjurations
 + Level 0.9 Summonings
   Level 0.8 Translocations
 + Level 0.2 Fire Magic


You had one spell level left.
You knew the following spells:

 Your Spells              Type           Power        Failure   Level  Hunger
a - Magic Dart            Conj           #...         7%          1    None
b - Call Imp              Summ           #.......     13%         2    #......
c - Conjure Flame         Conj/Fire      #.......     26%         3    ###....
d - Mephitic Cloud        Conj/Pois/Air  #.......     30%         3    ###....

Your spell library contained the following spells:

 Spells                   Type           Power        Failure   Level  Hunger
 Apportation              Tloc           #.....       9%          1    None
 Summon Small Mammal      Summ           #...         9%          1    None
 Animate Skeleton         Necr           N/A          13%         1    None
 Confusing Touch          Hex            #.....       13%         1    None
 Blink                    Tloc           N/A          14%         2    #......
 Slow                     Hex            #.......     19%         2    #......


Dungeon Overview and Level Annotations

Branches:
Dungeon (3/15)

Altars:


Innate Abilities, Weirdness & Mutations

You are too large for most types of armour.
You have tough skin. (AC +1)


Message History

You barely miss the adder.
The adder is moderately wounded.
The adder bites you.
You are more poisoned.
The adder poisons you! The adder barely misses you.
You miss the adder.
The adder is moderately wounded.
You feel sick. The adder barely misses you. The adder bites you.
* * * LOW HITPOINT WARNING * * *
You are more poisoned.
The adder poisons you!
You hit the adder.
The adder is severely wounded.
* * * LOW HITPOINT WARNING * * *
You feel sick. The adder misses you.
You closely miss the adder.
The adder is severely wounded.
* * * LOW HITPOINT WARNING * * *
You feel sick. The adder closely misses you. The adder bites you.
You die...

. ##. #..
#.# #.# #
#.# . #.#
.#
####@##.#
#...S...#
#......##
#...<..#
#......#
#.....[#
########


You could see an adder.

Vanquished Creatures
  A dart slug (D:2)
  2 leopard geckos
  6 goblins (D:1)
  8 hobgoblins
  2 jackals (D:1)
  4 kobolds (D:1)
  6 bats
  2 frilled lizards (D:1)
  2 rats (D:1)
33 creatures vanquished.

Vanquished Creatures (collateral kills)
  A dart slug (D:1)
  A rat (D:1)
2 creatures vanquished.

Grand Total: 35 creatures vanquished

Notes
Turn   | Place    | Note
-------+----------+-------------------------------------------
     0 | D:1      | Mithandil the Ogre Wizard began the quest for the Orb.
     0 | D:1      | Reached XP level 1. HP: 16/16 MP: 5/5
   375 | D:1      | Reached skill level 1 in Conjurations
   399 | D:1      | Reached XP level 2. HP: 26/26 MP: 6/6
   403 | D:1      | Learned a level 2 spell: Call Imp
   454 | D:1      | Reached skill level 1 in Fighting
   519 | D:1      | Reached skill level 4 in Spellcasting
   596 | D:2      | Reached XP level 3. HP: 33/33 MP: 1/8
   822 | D:1      | Learned a level 3 spell: Conjure Flame
   826 | D:1      | Learned a level 3 spell: Mephitic Cloud
  1307 | D:3      | Slain by an adder

Skill      XL: |  1  2 |
---------------+-------+-----
Conjurations   | 1 |  1.4
Fighting       | 1 |  1.5
Dodging        | 2 |  2.1
Spellcasting   | 4 |  4.1
Throwing       | |  0.6
Stealth        | |  1.4
Summonings     | |  0.9
Translocations | |  0.8
Fire Magic     | |  0.2

Action                   || total
-------------------------++-------
Melee: Unarmed           ||    14
       Club              ||    44
 Fire: Hunting sling     ||    30
 Cast: Magic Dart        ||    51
       Call Imp          ||     2
       Conjure Flame     ||     1
       Mephitic Cloud    ||     1
  Use: Scroll            ||     2
  Eat: Ration            ||     1
Armor: Robe              ||    22
Dodge: Dodged            ||    69
